 Dungeon Crawl Stone Soup version 0.30-a0-567-gf7fd966b4a (webtiles) character file.

Game seed: 9116874205674204398

124592 Dirtsage the Summoner (level 16, -12/134 HPs)
             Began as an Octopode Transmuter on Dec 28, 2022.
             Was the Champion of the Shining One.
             Mangled by a spark wasp (17 damage)
             ... on level 2 of the Spider Nest.
             The game lasted 02:00:07 (31654 turns).

Dirtsage the Summoner (Octopode Transmuter)        Turns: 31654, Time: 02:00:08

Health: -12/134    AC: 15    Str: 16    XL:     16   Next: 93%
Magic:  44/48      EV: 22    Int: 21    God:    the Shining One [******]
Gold:   2489       SH:  0    Dex: 16    Spells: 3/35 levels left

rFire   . . .      SeeInvis .      - Unarmed
rCold   + + +      Faith    .    (shield currently unavailable)
rNeg    + + +      Spirit   .    (helmet currently unavailable)
rPois   +          Reflect  .    Y - amulet of the Four Winds {rN+ Will+++ Clar}
rElec   .          Harm     .    e - ring of magical power
rCorr   .          Rampage  .    k - +4 ring of protection
Will    ++++.      Clarity  +    f - ring of magical power
Stlth   +                        F - ring of protection from fire
HPRegen 0.42/turn                H - +6 ring of strength
MPRegen 0.31/turn                S - +5 ring of evasion
                                 I - ring of protection from cold
                                 x - +5 ring of evasion

@: lethally poisoned (-12 -> -15), ice-form, marked, glowing, studying Short
Blades
A: freezing attack, boosted hp, almost no armour, amphibious, 8 rings, large,
(camouflage 1), (gelatinous body 1), (nimble swimmer 1), (tentacles), agile 1
a: End Transformation, Renounce Religion, Divine Shield, Cleansing Flame, Summon
Divine Warrior, Brand Weapon With Holy Wrath


You were on level 2 of the Spider Nest.
You worshipped the Shining One.
The Shining One was exalted by your worship.
You were a creature of crystalline ice.
You visited 5 branches of the dungeon, and saw 24 of its levels.
You also visited: Ice Cave.

You collected 3249 gold pieces.
You spent 760 gold pieces at shops.

Inventory:

Missiles
 b - 2 throwing nets
 Z - 3 silver javelins
Armour
 u - a +1 hat
 W - a +0 kite shield of reflection
Jewellery
 e - a ring of magical power (left front paw)
 f - a ring of magical power (on tentacle)
 k - a +4 ring of protection (right front paw)
 o - an amulet of reflection
 p - an amulet of the acrobat
 r - a ring of flight
 x - a +5 ring of evasion (on tentacle)
 F - a ring of protection from fire (on tentacle)
 H - a +6 ring of strength (on tentacle)
 I - a ring of protection from cold (on tentacle)
 M - an amulet of guardian spirit
 P - a ring of poison resistance
 S - a +5 ring of evasion (on tentacle)
 Y - the amulet of the Four Winds (around neck) {rN+ Will+++ Clar}
   (You found it on level 13 of the Dungeon)

   [amulet of nothing]

   rN:        It protects you from negative energy.
   Clar:      It protects you against confusion.
   Will:      It greatly increases your willpower.
Wands
 m - a wand of charming (36)
 w - a wand of mindburst (17)
 y - a wand of acid (6)
 D - a wand of digging (2)
 E - a wand of iceblast (24)
Scrolls
 c - 4 scrolls of immolation
 g - 3 scrolls of fear
 i - 5 scrolls of identify
 s - 3 scrolls of fog
 t - 4 scrolls of teleportation
 v - a scroll of silence
 B - 2 scrolls of blinking
 C - 6 scrolls of magic mapping
 G - 2 scrolls of enchant armour
 L - 7 scrolls of vulnerability
 O - a scroll of amnesia
 X - 2 scrolls of summoning
Potions
 a - 5 potions of lignification
 d - 8 potions of might
 h - 5 potions of haste
 j - 2 potions of brilliance
 l - 3 potions of heal wounds
 n - a potion of resistance
 q - 17 potions of curing
 z - a potion of berserk rage
 A - 3 potions of attraction
 N - a potion of magic
 Q - 2 potions of mutation
 R - 2 potions of flight
 U - 2 potions of ambrosia
 V - a potion of cancellation
Miscellaneous
 J - a phantom mirror
 K - a phial of floods
 T - a lightning rod (4/4)


   Skills:
 - Level 11.2 Fighting
 - Level 5.3 Dodging
 + Level 11.6 Unarmed Combat
 - Level 10.3 Spellcasting
 + Level 14.9 Summonings
 + Level 10.7 Transmutations
 - Level 8.0 Ice Magic
 * Level 6.3 Air Magic
 - Level 4.0 Poison Magic
 - Level 11.0 Invocations


You had 3 spell levels left.
You knew the following spells:

 Your Spells              Type           Power      Damage    Failure   Level
a - Summon Cactus Giant   Summ           32%        N/A       1%          6
b - Wereblood             Tmut           54%        N/A       1%          2
c - Spider Form           Tmut/Pois      41%        N/A       1%          3
d - Ice Form              Ice/Tmut       50%        N/A       1%          4
e - Monstrous Menagerie   Summ           32%        N/A       12%         7
f - Summon Guardian Gole  Hex/Summ       42%        N/A       1%          3
g - Summon Ice Beast      Ice/Summ       56%        N/A       1%          4
A - Ozocubu's Armour      Ice            44%        N/A       1%          3

Your spell library contained the following spells:

 Spells                   Type           Power      Damage    Failure   Level
 Summon Small Mammal      Summ           100%       N/A       0%          1
 Beastly Appendage        Tmut           100%       N/A       1%          1
 Shock                    Conj/Air       96%        1d9       1%          1
 Call Canine Familiar     Summ           65%        N/A       1%          3
 Swiftness                Air            37%        N/A       1%          3
 Foxfire                  Conj/Fire      40%        2x1d6     6%          1
 Slow                     Hex            40%        N/A       6%          1
 Kindle Blastsparks       Fire/Tloc/Air  38%        2d13      8%          3
 Blink                    Tloc           20%        N/A       10%         2
 Scorch                   Fire           20%        2d6       10%         2
 Confusing Touch          Hex            10%        N/A       19%         3
 Gell's Gravitas          Tloc           10%        N/A       19%         3
 Lesser Beckoning         Tloc           20%        N/A       19%         3
 Portal Projectile        Hex/Tloc       20%        N/A       19%         3
 Teleport Other           Tloc           10%        N/A       19%         3
 Vampiric Draining        Necr           10%        2d6       19%         3
 Airstrike                Air            18%        2d(3-19)  4%          4
 Summon Mana Viper        Hex/Summ       42%        N/A       9%          5
 Metabolic Englaciation   Hex/Ice        13%        N/A       32%         5
 Anguish                  Hex/Necr       5%         N/A       52%         4
 Flame Wave               Conj/Fire      10%        2d6       52%         4
 Fulminant Prism          Conj/Hex       5%         3d7       52%         4
 Iskenderun's Mystic Bla  Conj/Tloc      10%        2d4       52%         4
 Leda's Liquefaction      Hex/Erth       5%         N/A       52%         4
 Manifold Assault         Tloc           10%        N/A       52%         4
 Storm Form               Tmut/Air       23%        N/A       85%         7
 Fireball                 Conj/Fire      5%         3d5       86%         5
 Lee's Rapid Deconstruct  Erth           5%         3d6*      86%         5
 Simulacrum               Ice/Necr       13%        N/A       88%         6
 Starburst                Conj/Fire      5%         6d4       100%        6
 Enfeeble                 Hex            5%         N/A       100%        7
 Chain Lightning          Conj/Air       12%        3d16      100%        9
 Fire Storm               Conj/Fire      5%         8d1       100%        9
 Shatter                  Erth           5%         3d8*      100%        9


Dungeon Overview and Level Annotations

Branches:
Dungeon (13/15)            Temple (1/1) D:4            Lair (5/5) D:11
 Shoals (0/4) Lair:2       Spider (3/4) Lair:3        Slime (0/5) Lair:5
    Orc (2/2) D:9             Elf (0/3) Orc:2        Vaults (0/5) D:13
  IceCv (visited)

Altars:
Ashenzari
Cheibriados
Dithmenos
Elyvilon
Fedhas
Gozag
Hepliaklqana
Kikubaaqudgha
Makhleb
Nemelex Xobeh
Okawaru
Qazlal
Ru
Sif Muna
Trog
Uskayaw
Vehumet
Wu Jian
Xom
Yredelemnul
Zin
The Shining One

Shops:
D:9 (   Orc:2 !(*?

Portals:
Trove: D:11 (give 4 potions of resistance)

Annotations:
D:5 1 runed translucent door, Crazy Yiuf
D:9 2 transporters, caveywoolpert's ghost, novice DgEE
Spider:3 Arachne; Nikola


Innate Abilities, Weirdness & Mutations

You are a creature of crystalline ice.
You have a powerful freezing melee attack.
Your maximum health is increased.
Your armour is entirely melded.
You are incapable of wielding weapons or throwing items.
You cannot wear most types of armour.
You are amphibious.
You can wear up to eight rings at the same time.
((Your skin changes colour to match your surroundings (Stealth+).))
((Your rubbery body absorbs attacks. (AC +1, EV +1)))
((You are camouflaged when in or above water. (Stealth+)))
((You have tentacles for arms and can constrict up to eight enemies at once.))
You are agile. (Dex +4, Str/Int -1)


Message History

An orb spider comes into view.
Arachne the Weaver comes into view.
She is wielding a staff of poison.
The orb spider begins to weave its threads into a brightly glowing ball.
A spark wasp comes into view.
Arachne's staff shoots out a stream of webbing.
The stream of webbing misses you.
The spark wasp bursts into living lightning!
The living lightning hits you!!
The spark wasp blinks! x2
You take 20 damage, and have 92/112 hp.
Arachne stares at you and mumbles some strange words.
The poison arrow hits you!!!
You are poisoned.
The spark wasp completely misses you.
You take 47 damage, and have 45/112 hp.
MASSIVE DAMAGE!!
The spark wasp attacks as you move away!
The spark wasp stings you. The spark wasp shocks you!
* * * LOW HITPOINT WARNING * * *
You feel very sick.
You take 16 damage, and have 29/112 hp.
You feel very sick.
A boulder beetle comes into view.
Nikola the Mad Inventor comes into view.
He is wielding a +0 rapier of electrocution and wearing a +2 cloak of willpower.
The spark wasp completely misses you.
There is a stone staircase leading up here.
You take 4 damage, and have 25/112 hp.
You feel sick. The spark wasp misses you.
Nikola mumbles some strange words.
Lightning arcs from Nikola's hands!
The bolt of lightning hits the boulder beetle!!!
You climb upwards.
You feel very sick.
There is a stone staircase leading down here.
You take 4 damage, and have 21/112 hp.
Casting: Ice Form (mildly dangerous; 1% risk of failure)
Press: ? - help, Q - select action, (/) - cycle Dir - look around, f - activate You turn into a creature of crystalline ice.
You feel sick. The spark wasp misses you. The spark wasp stings you!!
* * * LOW HITPOINT WARNING * * *
The spark wasp shocks you!
You die...

..#~#..###......####....#.†.....#
...#...#....######.##...#..####..
...######...#..#.#..#.....##.^#..
...^......^....#(............##.#
##.........#...#..............###
.##....#..####..^##(.##....#####~
.......#..#..^...^#...#.#......~.
.....#######..<#########~.....##.
....##..........Y..^.~..##.......
..#.~..(........y...##...##..)...
.#~##.^.#####..###...#....~..#...
##..#####........#####..#####~.#.
................[.)..........####
.........##.....#.............~~#
#.....#..#..##..#^...##........##
#..#..#..#~#~^>##....^~..####~##
#.##..####..##..#≈########..~##


You could see a spark wasp.

Vanquished Creatures
  Donald (Orc:2)
  An emperor scorpion (Spider:2)
  2 ghost moths (Spider:1)
  A spark wasp (Spider:1)
  Snorg (Orc:1)
  An entropy weaver (Spider:3)
  An ogre mage (Orc:2)
  2 hydras
  3 centaur warriors (D:13)
  A radroach (Spider:2)
  4 boulder beetles
  12 two-headed ogres
  Urug (Lair:3)
  3 pharaoh ants
  A skeletal warrior (D:13)
  An orb spider (Spider:2)
  A deep troll (Orc:2)
  A steelbarb worm (Spider:1)
  A deep elf zephyrmancer (D:10)
  A necromancer (IceCv)
  2 deep elf pyromancers
  6 cyclopes
  2 moths of wrath
  5 centaur zombies (D:12)
  An orc sorcerer (Orc:2)
  6 wolf spiders
  A black mamba (Lair:5)
  The ghost of heinrich the Conjurer, a novice OpCj (D:6)
  A gargoyle (D:9)
  2 manticores
  Joseph (D:7)
  2 ice statues (IceCv)
  5 cane toads
  2 torpor snails (Spider:1)
  7 rime drakes
  2 unseen horrors (D:12)
  Psyche (D:8)
  A demonic crawler (Spider:1)
  6 komodo dragons
  6 anaconda simulacra (IceCv)
  5 ice devils (IceCv)
  10 trolls
  3 meliai (Spider:2)
  3 polar bears (Lair:5)
  A guardian mummy (D:11)
  A wind drake (Lair:2)
  2 slime creatures
  2 hornets
  4 tarantellas
  9 blink frogs
  6 dream sheep
  A meliai zombie (D:12)
  2 shadows (D:13)
  8 culicivoras
  A vampire (D:11)
  10 spriggans
  9 jumping spiders
  8 nameless horrors
  2 wyverns
  A wraith (D:10)
  A dire elephant simulacrum (IceCv)
  24 yaks
  A basilisk (Lair:3)
  A steam dragon (D:8)
  Grum (D:8)
  A golden eye (shapeshifter) (D:13)
  21 redbacks
  A two-headed ogre zombie (D:9)
  2 vampire mosquitoes (D:12)
  9 wargs
  2 harpy simulacra (IceCv)
  A hydra simulacrum (IceCv)
  2 water moccasins
  An acid dragon (D:9)
  3 hell hounds (D:12)
  6 orc warriors
  An ice beast (D:7)
  2 sky beasts
  3 black bears
  3 boggarts
  27 wolves
  13 centaurs
  13 ogres
  4 phantoms
  5 kobold brigands
  3 necrophages
  7 bullfrogs
  6 gnoll sergeants (D:9)
  A cane toad simulacrum (IceCv)
  4 scorpions
  A troll zombie (D:9)
  An electric eel (Spider:1)
  7 howler monkeys
  19 orc priests
  5 hounds
  7 gnoll boudas (D:9)
  4 iguanas
  Natasha (twice) (D:3)
  8 orc wizards
  2 spectral orcs (Orc:2)
  2 spriggan simulacra (IceCv)
  6 ogre zombies (D:9)
  3 gnolls
  11 adders
  2 shadow imps
  2 white imps
  2 ufetubi (D:6)
  An orc simulacrum (Orc:2)
  A worm (D:2)
  4 dart slugs
  24 orcs
  5 bats
  4 endoplasms
  3 giant cockroaches
  3 hobgoblins
  10 kobolds
  2 quokkas
  2 ball pythons
  A frilled lizard (D:3)
  10 goblins
  2 goblin skeletons (D:9)
  A goblin zombie (D:9)
  6 orc skeletons (D:9)
  16 orc zombies (D:9)
  6 rats
542 creatures vanquished.

Vanquished Creatures (collateral kills)
  Mara (Spider:3)
  The ghost of Pogruont the Carver, an adept FoHu of Okawaru (Spider:3)
  The ghost of funaii the Severer, a journeyman MiBe of Trog (Spider:1)
  The ghost of Rayvis the Executioner, a journeyman MiFi of Makhleb (Orc:2)
  2 orc warlords (Orc:1)
  A broodmother (Spider:2)
  Azrael (D:12)
  2 entropy weavers
  2 ogre magi
  A catoblepas (D:13)
  A two-headed ogre (Orc:2)
  A centaur warrior (D:13)
  2 hydras
  A death knight (D:13)
  A boulder beetle (Lair:3)
  A dancing weapon (Spider:3)
  4 spriggans (Lair:5)
  2 pharaoh ants
  A deep troll (Orc:2)
  A bog body (IceCv)
  3 orb spiders
  2 steelbarb worms
  5 orc knights
  2 wolf spiders
  An ugly thing (D:12)
  2 cyclopes (D:13)
  A manticore (D:13)
  3 centaur zombies (D:12)
  A gargoyle (D:12)
  A cane toad (Lair:3)
  A kobold demonologist (D:9)
  A demonic crawler (Spider:2)
  3 freezing wraiths (D:13)
  3 ice devils (IceCv)
  A guardian mummy (D:11)
  An efreet (D:10)
  8 trolls
  2 polar bears (Lair:5)
  6 tarantellas
  6 blink frogs
  3 hornets (Lair:5)
  3 meliai zombies (D:12)
  7 jumping spiders
  11 culicivoras
  A wraith (D:13)
  2 basilisks (D:13)
  A fire elemental (D:12)
  A nameless horror (Lair:5)
  20 redbacks
  4 wargs
  An acid dragon (D:11)
  2 hell hounds (D:12)
  A water moccasin (Lair:4)
  A spectral troll (Orc:2)
  A black bear (D:11)
  6 ogres (Orc:2)
  13 orc warriors
  A boggart (Lair:5)
  6 wolves
  5 centaurs (D:13)
  A kobold brigand (D:9)
  An elephant simulacrum (IceCv)
  An electric eel (Lair:4)
  A gnoll bouda (D:9)
  6 orc priests
  A spectral orc (Orc:2)
  4 orc wizards
  A boggart zombie (D:12)
  3 gnolls (Orc:1)
  An ogre simulacrum (Orc:2)
  An orc simulacrum (Orc:2)
  20 orcs
212 creatures vanquished.

Vanquished Creatures (others)
  An orb spider (Spider:2)
  An orc knight (Orc:2)
  A hornet (Lair:5)
  4 yaks
  4 culicivoras
  A redback (Spider:2)
  2 wolves (Lair:5)
  A gnoll sergeant (D:9)
  An orc (Orc:2)
  15 fungi
  32 plants
63 creatures vanquished.

Grand Total: 817 creatures vanquished

Notes
Turn   | Place    | Note
-------+----------+-------------------------------------------
     0 | D:1      | Dirtsage the Octopode Transmuter began the quest for the
                  | Orb.
     0 | D:1      | Reached XP level 1. HP: 13/13 MP: 3/3
    85 | D:1      | Reached skill level 1 in Poison Magic
    85 | D:1      | Reached XP level 2. HP: 18/18 MP: 5/5
   406 | D:1      | Reached XP level 3. HP: 23/23 MP: 4/6
   414 | D:1      | Learned a level 2 spell: Wereblood
   418 | D:1      | Learned a level 3 spell: Spider Form
   756 | D:2      | Reached skill level 1 in Ice Magic
  1230 | D:2      | Reached XP level 4. HP: 27/28 MP: 4/7
  2115 | D:3      | Noticed Natasha
  2122 | D:3      | Killed Natasha
  2393 | D:3      | Identified the +3 ring mail of Subjectivity {Rampage rC+
                  | Str+4}
  2487 | D:3      | You fall into a shaft and drop 2 floors!
  2487 | D:5      | Entered Level 5 of the Dungeon
  2492 | D:5      | Noticed a scorpion
  2570 | D:5      | Reached XP level 5. HP: 33/33 MP: 8/8
  2664 | D:5      | Noticed a phantom
  2696 | D:5      | Killed a phantom
  2944 | D:3      | Noticed Natasha
  2953 | D:3      | Killed Natasha
  2954 | D:3      | Reached XP level 6. HP: 38/38 MP: 9/9
  2982 | D:3      | Found a faded altar of an unknown god.
  2982 | D:3      | Noticed a shining eye
  2984 | D:3      | Noticed a great orb of eyes
  2984 | D:3      | Noticed a shining eye
  2984 | D:3      | Noticed an eye of devastation
  3233 | D:4      | Found a staircase to the Ecumenical Temple.
  3299 | Temple   | Entered the Ecumenical Temple
  4135 | D:5      | Reached XP level 7. HP: 43/43 MP: 10/10
  4140 | D:5      | Learned a level 4 spell: Ice Form
  4182 | D:5      | Reached skill level 5 in Transmutations
  4492 | D:5      | Found a white marble altar of Elyvilon.
  4643 | D:5      | Found a shimmering altar of Xom.
  4786 | D:5      | Found a runed translucent door.
  4787 | D:5      | Noticed Crazy Yiuf
  4869 | D:5      | Reached skill level 5 in Ice Magic
  4869 | D:5      | Reached XP level 8. HP: 48/48 MP: 11/11
  5291 | D:6      | Found a runed translucent gate.
  5291 | D:6      | Found a runed translucent gate.
  5292 | D:6      | Found a runed translucent gate.
  5293 | D:6      | Noticed heinrich's ghost (novice OpCj)
  5900 | D:6      | Killed heinrich's ghost
  5901 | D:6      | Reached XP level 9. HP: 49/53 MP: 13/13
  5989 | D:7      | Learned a level 3 spell: Ozocubu's Armour
  5995 | D:7      | Found a stormy altar of Qazlal.
  6002 | D:7      | Found a broken altar of Ashenzari.
  6042 | D:7      | Reached skill level 5 in Unarmed Combat
  6284 | D:7      | Found a glowing golden altar of the Shining One.
  6284 | D:7      | Found a hide-covered altar of Uskayaw.
  6289 | D:7      | Became a worshipper of the Shining One
  6475 | D:7      | Noticed Joseph
  6489 | D:7      | Killed Joseph
  7510 | D:8      | Reached XP level 10. HP: 53/58 MP: 15/15
  7531 | D:8      | Noticed Grum
  7664 | D:8      | Found a radiant altar of Vehumet.
  7669 | D:8      | Reached skill level 1 in Invocations
  7750 | D:8      | Learned a level 3 spell: Call Canine Familiar
  7763 | D:8      | Reached * piety under the Shining One
  7779 | D:8      | Noticed a two-headed ogre
  7792 | D:8      | Killed a two-headed ogre
  7793 | D:8      | Reached skill level 1 in Summonings
  7941 | D:8      | Noticed Psyche
  7953 | D:8      | Killed Grum
  7954 | D:8      | Reached skill level 2 in Summonings
  7959 | D:8      | Killed Psyche
  8368 | D:9      | Noticed a gargoyle
  8376 | D:9      | Killed a gargoyle
  8431 | D:9      | Noticed a two-headed ogre
  8434 | D:9      | Reached skill level 3 in Summonings
  8441 | D:9      | Killed a two-headed ogre
  8692 | D:9      | Found a staircase to the Orcish Mines.
  8692 | D:9      | Reached ** piety under the Shining One
  8727 | D:9      | Reached skill level 5 in Spellcasting
  8727 | D:9      | Reached skill level 4 in Summonings
  8745 | D:9      | Reached *** piety under the Shining One
  8863 | D:9      | Reached XP level 11. HP: 67/67 MP: 18/18
  8896 | D:9      | Noticed a cyclops
  8918 | D:9      | Killed a cyclops
  8919 | D:9      | Reached skill level 5 in Summonings
  8925 | D:10     | Entered Level 10 of the Dungeon
  9155 | D:9      | Learned a level 3 spell: Summon Guardian Golem
  9209 | D:9      | Reached **** piety under the Shining One
  9540 | D:9      | Noticed a deep elf pyromancer
  9549 | D:9      | Noticed a two-headed ogre
  9852 | D:9      | Noticed a boulder beetle
 10305 | D:9      | Killed a two-headed ogre
 10306 | D:9      | Reached skill level 6 in Summonings
 10306 | D:9      | Reached skill level 5 in Invocations
 10575 | D:9      | Found Kuef's Weapon Shop.
 10593 | D:9      | Gained mutation: You are agile. (Dex +4, Str/Int -1) [a
                  | neqoxec]
 10736 | D:9      | Killed a deep elf pyromancer
 10815 | D:9      | Found a transporter.
 10816 | D:9      | Noticed caveywoolpert's ghost (novice DgEE)
 10856 | D:9      | Found a transporter.
 10902 | D:9      | Killed a boulder beetle
 10903 | D:9      | Reached skill level 5 in Fighting
 10903 | D:9      | Reached skill level 7 in Summonings
 11075 | D:9      | Noticed a two-headed ogre
 11085 | D:9      | Killed a two-headed ogre
 11536 | D:10     | Reached XP level 12. HP: 77/77 MP: 21/21
 11790 | D:10     | Found a glowing silver altar of Zin.
 11790 | D:10     | Noticed an angel
 11845 | D:10     | Learned a level 4 spell: Summon Ice Beast
 12097 | D:10     | Noticed a seven-headed hydra
 12097 | D:10     | Noticed an ogre mage
 12110 | D:10     | Killed a seven-headed hydra
 12117 | D:10     | Killed an ogre mage
 12229 | D:10     | Reached skill level 8 in Summonings
 12466 | D:11     | Found a hide-covered altar of Uskayaw.
 12524 | D:11     | Noticed a boulder beetle
 12544 | D:11     | Killed a boulder beetle
 13227 | D:11     | Found a staircase to the Lair.
 13235 | Lair:1   | Entered Level 1 of the Lair of Beasts
 13339 | Lair:1   | Reached ***** piety under the Shining One
 13754 | Lair:1   | Reached skill level 9 in Summonings
 13890 | Lair:1   | Found a radiant altar of Vehumet.
 14852 | Lair:2   | Reached XP level 13. HP: 5/85 MP: 23/23
 15111 | Lair:2   | Learned a level 6 spell: Summon Cactus Giant
 15362 | Lair:2   | Found a staircase to the Shoals.
 15380 | Lair:2   | Reached skill level 10 in Unarmed Combat
 16328 | Lair:3   | Noticed Urug
 16337 | Lair:3   | Killed Urug
 16338 | Lair:3   | Reached skill level 10 in Summonings
 16347 | Lair:3   | The Shining One protects you from harm!
 17252 | Lair:3   | Found a hole to the Spider Nest.
 18820 | Lair:5   | Entered Level 5 of the Lair of Beasts
 18852 | Lair:5   | Reached skill level 11 in Summonings
 19302 | Lair:5   | Found a staircase to the Slime Pits.
 19695 | Lair:5   | Reached XP level 14. HP: 94/94 MP: 26/26
 19739 | Lair:5   | HP: 4/112 [five-headed hydra[a boggart] (10)]
 20525 | Lair:5   | Identified the +3 chain mail of Death Resistance {Harm rN+
                  | Str+3}
 20685 | Lair:5   | Identified a scroll of acquirement
 20686 | Lair:5   | Acquired 864 gold pieces
 20913 | Orc:1    | Entered Level 1 of the Orcish Mines
 20930 | Orc:1    | Noticed Snorg
 20941 | Orc:1    | Killed Snorg
 21109 | Orc:1    | Reached skill level 12 in Summonings
 21111 | Orc:1    | Noticed an orc warlord
 21129 | Orc:1    | Killed an orc warlord
 21418 | Orc:2    | Entered Level 2 of the Orcish Mines
 21446 | Orc:2    | Found a staircase to the Elven Halls.
 21481 | Orc:2    | Found a frozen archway.
 21490 | IceCv    | Entered an ice cave
 21832 | IceCv    | Reached skill level 10 in Invocations
 22429 | Orc:2    | Noticed Donald
 22453 | Orc:2    | Killed Donald
 22740 | Orc:2    | Found a runed translucent gate.
 22741 | Orc:2    | Found a runed translucent gate.
 22747 | Orc:2    | Reached skill level 13 in Summonings
 22966 | Orc:2    | Reached XP level 15. HP: 94/102 MP: 28/28
 23135 | Orc:2    | Learned a level 7 spell: Monstrous Menagerie
 23361 | Orc:2    | Found a runed translucent gate.
 23586 | Orc:2    | Found Xoaxij's Distillery.
 23588 | Orc:2    | Found Elach's Weapon Boutique.
 23592 | Orc:2    | Found Zuuch's General Store.
 23594 | Orc:2    | Bought a potion of heal wounds for 80 gold pieces
 23594 | Orc:2    | Bought a potion of cancellation for 128 gold pieces
 23594 | Orc:2    | Bought a potion of might for 64 gold pieces
 23594 | Orc:2    | Bought a potion of might for 64 gold pieces
 23601 | Orc:2    | Found Pixuwobott's Magic Scroll Shop.
 23605 | Orc:2    | Bought a scroll of teleportation for 42 gold pieces
 23610 | Orc:2    | Bought a scroll of identify for 30 gold pieces
 23610 | Orc:2    | Bought 2 scrolls of identify for 60 gold pieces
 23610 | Orc:2    | Bought a scroll of identify for 30 gold pieces
 23610 | Orc:2    | Bought a scroll of identify for 30 gold pieces
 23610 | Orc:2    | Bought a scroll of summoning for 142 gold pieces
 23610 | Orc:2    | Bought a scroll of identify for 30 gold pieces
 23610 | Orc:2    | Bought a scroll of fear for 60 gold pieces
 23854 | Orc:2    | Noticed Rayvis's ghost (journeyman MiFi)
 23872 | Orc:2    | Killed Rayvis's ghost
 23873 | Orc:2    | Reached skill level 10 in Fighting
 24128 | Orc:1    | Noticed an orc warlord
 24281 | Orc:1    | Killed an orc warlord
 24871 | D:11     | Found a portal to a secret trove of treasure.
 25299 | D:12     | Noticed Azrael
 25307 | D:12     | Killed Azrael
 25747 | D:12     | Reached skill level 14 in Summonings
 25826 | D:12     | Reached ****** piety under the Shining One
 25989 | D:12     | Found a basalt altar of Yredelemnul.
 26562 | D:13     | Found the amulet of the Four Winds {rN+ Will+++ Clar}
 26815 | D:13     | Found a gate to the Vaults.
 28117 | Spider:1 | Entered Level 1 of the Spider Nest
 28154 | Spider:1 | Reached skill level 1 in Air Magic
 28165 | Spider:1 | Reached XP level 16. HP: 111/111 MP: 29/29
 28187 | Spider:1 | Reached skill level 10 in Spellcasting
 28357 | Spider:1 | Reached skill level 10 in Transmutations
 28538 | Spider:1 | Found a runed translucent door.
 28538 | Spider:1 | Noticed funaii's ghost (journeyman MiBe)
 29605 | Spider:1 | Killed funaii's ghost
 29862 | Spider:2 | Reached skill level 5 in Dodging
 31028 | Spider:2 | Reached skill level 5 in Air Magic
 31272 | Spider:3 | Noticed Mara
 31412 | Spider:3 | Noticed Dirtsage's illusion
 31421 | Spider:3 | Killed Mara
 31491 | Spider:3 | Found a runed translucent door.
 31494 | Spider:3 | Found a shimmering altar of Xom.
 31494 | Spider:3 | Noticed Pogruont's ghost (adept FoHu)
 31523 | Spider:3 | Killed Pogruont's ghost
 31644 | Spider:3 | Noticed Arachne
 31651 | Spider:3 | Noticed Nikola
 31654 | Spider:2 | HP: 5/134 [spark wasp (19)]
 31654 | Spider:2 | Mangled by a spark wasp

Illustrated notes

Levels and vault maps discovered:
D:1:      spicycebolla_arrival_xxxplode, layout_basic
D:2:      layout_basic, grunt_decor_clamped, corexii_corridor_pit
D:3:      layout_basic, hellmonk_ecumenical_altar_watching_god,
          columned_hall_lemuel, uniq_natasha
D:4:      layout_rooms, minmay_temple_entry_statues
D:5:      layout_basic, marbit_many_paths, amcnicky_altar_gilded,
          uniq_crazy_yiuf_cottage
D:6:      layout_loops_ring, ebering_ghost_rock_garden, minmay_crystal_water,
          minivault_10
D:7:      layout_basic, amethyst_overflow_temple_binary,
          gammafunk_temple_overflow_statue, chequers_serial_rivers_micro_d,
          uniq_joseph
D:8:      layout_basic, vehumet_altar_wand_db, uniq_psyche, uniq_grum
D:9:      lemuel_castle_with_subvaults [lemuel_castle_interior_original],
          layout_irregular_city, zombieorc2_lemuel, serial_shops,
          nicolae_shop_trees, gammafunk_ghost_stat_death
D:10:     minmay_sliced_demisemicircle, layout_irregular_city, zin_angel
D:11:     layout_stronghold, grunt_lair_entry_orc_guard_hut,
          nicolae_trove_entry_path_of_doom, nicolae_uskayaw_dance_hall
D:12:     layout_gridville, st_stairs_3, nicolae_yredelemnul_corpse_copse,
          uniq_azrael
D:13:     kennysheep_six_static_rooms, layout_basic
Temple:   dpeg_chambers_temple
Lair:1:   layout_concentric_octagons, basic_altar,
          grunt_forest_large_clearing_hut, lemuel_fruit_fields
Lair:2:   layout_layer_cave, minmay_shoals_entry_beasts
Lair:3:   layout_hall_layers, nicolae_spider_entry_tight_spaces, uniq_urug
Lair:4:   layout_loops_ring, minmay_lair_drake_nest, lemuel_fruit_tree,
          grunt_megastairs_1, serial_bayou_shore_b, serial_bayou_shore_a,
          infiniplex_staircase_pool
Lair:5:   minmay_lair_end_enchanted_forest, layout_cave_shapes, slime_entry_1,
          chequers_serial_rivers_large_b
Spider:1: layout_spider_delve, gammafunk_ghost_grave,
          nicolae_spider_not_touching_you
Spider:2: layout_spider_delve
Spider:3: layout_spider_delve, ebering_ghost_xom, uniq_arachne, uniq_mara,
          uniq_nikola
Orc:1:    layout_caves, special_room [special_room_orc], uniq_snorg
Orc:2:    st_orc_open, layout_caves, nicolae_volcano_entry_lava_flow,
          portal_ice_cave_entry_pillars_2, gammafunk_ghost_necromancy,
          lemuel_statue_altar, uniq_donald

Skill      XL: |  1  2  3  4  5  6  7  8  9 10 11 12 13 14 15 16 |
---------------+-------------------------------------------------+-----
Poison Magic   | 1 2 3 4 |  4.0
Ice Magic      | 1 2 3 5 6 8 |  8.0
Transmutations | 3 4 6 7 8 9 10 | 10.7
Unarmed Combat | 4 5 6 8 9 10 11 | 11.6
Spellcasting   | 3 5 6 7 8 9 10 | 10.3
Invocations    | 4 5 7 9 10 11 | 11.0
Summonings     | 4 7 9 11 13 14 | 14.9
Fighting       | 3 5 6 8 9 10 11 | 11.2
Dodging        | 4 5 |  5.3
Air Magic      | 1 6 |  6.3

Action                   |  1- 3 |  4- 6 |  7- 9 | 10-12 | 13-15 | 16-18 || total
-------------------------+-------+-------+-------+-------+-------+-------++-------
Melee: Unarmed           |    66 |   123 |   207 |   525 |   731 |   211 ||  1863
       Constrict         |    19 |    19 |     4 |       |     1 |       ||    43
       Kick              |    13 |    13 |     3 |       |       |       ||    29
       Tentacles         |    12 |    12 |     5 |     1 |     3 |       ||    33
       Punch             |     1 |     3 |       |     1 |     1 |       ||     6
 Cast: Beastly Appendage |    14 |     9 |     2 |       |       |       ||    25
       Spider Form       |       |     9 |     5 |     3 |       |       ||    17
       Ice Form          |       |       |    20 |    49 |    92 |    22 ||   183
       Ozocubu's Armour  |       |       |     6 |    28 |    16 |     2 ||    52
       Call Canine Famil |       |       |       |     9 |       |       ||     9
       Wereblood         |       |       |       |     4 |     1 |       ||     5
       Summon Guardian G |       |       |       |    19 |     8 |     2 ||    29
       Summon Ice Beast  |       |       |       |    10 |    40 |    14 ||    64
       Summon Cactus Gia |       |       |       |       |    67 |    26 ||    93
       Monstrous Menager |       |       |       |       |    10 |    10 ||    20
Invok: Divine Shield     |       |       |       |     7 |     7 |     1 ||    15
       Summon Divine War |       |       |       |       |     8 |     3 ||    11
 Abil: End Transformatio |       |       |       |       |       |     1 ||     1
Evoke: Wand              |       |       |       |     4 |     2 |     2 ||     8
  Use: Scroll            |       |     6 |     7 |     9 |    17 |     1 ||    40
       Potion            |       |       |       |     3 |     8 |       ||    11
 Stab: Sleeping          |     5 |     2 |     2 |       |       |       ||     9
Armor: Skin              |     4 |    18 |    72 |   174 |   284 |    54 ||   606
Dodge: Dodged            |    30 |    72 |    93 |   153 |   422 |   283 ||  1053
Block: Other             |     1 |    23 |    36 |   137 |   187 |     3 ||   387
       Reflection        |       |       |     2 |    15 |     2 |       ||    19

Table legend: (Time is in decaauts)
 A = Elapsed time spent in this place.
 B = Non-inter-level travel time spent in this place.
 C = Inter-level travel time spent in this place.
 D = Time resting spent in this place.
 E = Time spent auto-exploring this place.
 F = Levels seen in this place.
 G = Mean time per level.
                   A        B        C        D        E       F      G
               +--------+--------+--------+--------+--------+-----+--------+
         Total |  31428 |  30298 |   1130 |   6339 |  17600 |  25 | 1257.1 |
       Dungeon |  16508 |  15962 |    546 |   2306 |  10144 |  13 | 1269.8 |
        Temple |    225 |    208 |     17 |      0 |    188 |   1 |  225.0 |
          Lair |   7637 |   7217 |    420 |   1653 |   4356 |   5 | 1527.4 |
   Spider Nest |   3501 |   3455 |     46 |   1356 |   1308 |   3 | 1167.0 |
  Orcish Mines |   2894 |   2794 |    100 |    705 |   1472 |   2 | 1447.0 |
      Ice Cave |    660 |    660 |      0 |    319 |    132 |   1 |  660.0 |
               +--------+--------+--------+--------+--------+-----+--------+

Top non-repeatable levels by time:
     D:9: 2650 daAuts
Spider:1: 1958 daAuts
  Lair:3: 1940 daAuts
   Orc:2: 1914 daAuts
  Lair:5: 1698 daAuts
    D:11: 1536 daAuts
    D:10: 1471 daAuts
    D:13: 1457 daAuts
     D:5: 1438 daAuts
  Lair:1: 1409 daAuts
    D:12: 1333 daAuts
  Lair:2: 1306 daAuts
  Lair:4: 1283 daAuts
     D:7: 1269 daAuts
Spider:2: 1239 daAuts
